 Dungeon Crawl Stone Soup version 0.19-a0-1686-g35356ef (webtiles) character file.

1381 st0uf the Digger (level 8, -2/44 HPs)
             Began as a Gargoyle Earth Elementalist on Sept 25, 2016.
             Slain by a centaur (5 damage)
             ... on level 6 of the Dungeon.
             The game lasted 00:26:09 (4863 turns).

st0uf the Digger (Gargoyle Earth Elementalist)      Turns: 4863, Time: 00:26:11

Health: -2/44      AC: 10    Str: 12    XL:     8   Next: 67%
Magic:  17/18      EV: 12    Int: 22    God:
Gold:   100        SH:  0    Dex: 10    Spells: 3 memorised, 11 levels left

rFire  . . .     SeeInvis .     b - 119 stones
rCold  . . .     Gourm    .     c - +0 robe
rNeg   + . .     Faith    .     (no shield)
rPois  ∞         Spirit   .     n - +0 helmet (curse)
rElec  +         Dismiss  .     (no cloak)
rCorr  .         Reflect  .     (no gloves)
MR     +....     Harm     .     h - +0 pair of boots
Stlth  ++........               (no amulet)
                                u - ring of protection from magic
                                o - +4 ring of intelligence

@: no status effects
A: negative energy resistance 1, electricity resistance, unbreathing,
petrification resistance, rot immunity, AC +5
a: no special abilities


You were on level 6 of the Dungeon.
You were hungry.

You visited 1 branch of the dungeon, and saw 6 of its levels.

You collected 329 gold pieces.
You spent 229 gold pieces at shops.

Inventory:

Missiles
 b - 119 stones (in hand)
Armour
 c - a +0 robe (worn)
 h - a +0 pair of boots (worn)
 n - a cursed +0 helmet (worn)
Jewellery
 o - a +4 ring of intelligence (left hand)
 q - an uncursed ring of flight
 u - a ring of protection from magic (right hand)
 A - an uncursed ring of ice
 F - an uncursed ring of protection from cold
Wands
 y - a wand of confusion (14/48)
Scrolls
 a - 6 scrolls of teleportation {unknown}
 f - 2 scrolls of blinking {unknown}
 g - 8 scrolls of identify
 i - 6 scrolls of remove curse
 m - 2 scrolls of enchant weapon {unknown}
 s - 4 scrolls of magic mapping
 t - a scroll of fear {unknown}
 D - a scroll of recharging {unknown}
Potions
 j - 2 potions of lignification {unknown}
 k - a potion of magic {unknown}
 l - 2 potions of degeneration {unknown}
 p - a potion of brilliance {unknown}
 v - a potion of flight {unknown}
 x - a potion of mutation {unknown}
 z - 2 potions of resistance {unknown}
 B - a potion of invisibility {unknown}
 E - 2 potions of curing {unknown}
Books
 e - a book of Geomancy

   Spells                             Type                      Level
   a - Sandblast                      Earth                        1
   b - Passwall                       Transmutation/Earth          2
   c - Stone Arrow                    Conjuration/Earth            3
   d - Petrify                        Transmutation/Earth          4
   e - Lee's Rapid Deconstruction     Earth                        5
Comestibles
 d - 7 bread rations
 r - 2 meat rations
 w - a beef jerky


   Skills:
 * Level 1.6 Fighting
 + Level 1.2 Armour
 + Level 2.0 Dodging
 - Level 2.1 Stealth
 * Level 6.7 Spellcasting
 + Level 4.7 Conjurations
   Level 0.7 Transmutations
 + Level 7.3 Earth Magic
 + Level 0.1 Evocations


You had 11 spell levels left.
You knew the following spells:

 Your Spells              Type           Power        Failure   Level  Hunger
a - Sandblast             Erth           #####.       1%          1    None
b - Stone Arrow           Conj/Erth      ####..       1%          3    #......
c - Lee's Rapid Deconstr  Erth           #####.....   12%         5    #####..


Dungeon Overview and Level Annotations

Branches:
Dungeon (6/15)
 Temple: D:4-7

Altars:
Ashenzari
Elyvilon
Qazlal

Shops:
D:4 :??(*


Innate Abilities, Weirdness & Mutations

You are resistant to torment.
Your stone body is resilient. (AC +5)
You are immune to poison.
You resist negative energy. (rN+)
You are resistant to electric shocks. (rElec)
You can survive without breathing.
You are immune to petrification.
You are immune to rotting.


Message History

You climb downwards.
A jelly, 3 orcs and a centaur come into view.
The orc shouts!
Found a scroll of remove curse.
There is a stone staircase leading up here.
The centaur closely misses you.
Wield which item (- for none, * to show all)? (? for menu, Esc to quit)
You are already wielding that!
Casting: Sandblast
Confirm with . or Enter, or press ? or * to list all spells.
Aiming: Sandblast
Press: ? - help, Shift-Dir - straight line, f - centaur
Aim: a centaur The rocky blast hits the centaur.
The centaur is moderately wounded.
The jelly quivers.
The centaur completely misses you. The orc hits you with a club.
* * * LOW HITPOINT WARNING * * *
The centaur hits you.
You die...

### #@##
#co# #o..#
#J....
...o..#
..o....#
#........
###..?####
#...#


You could see a centaur, a jelly and 4 orcs.

Vanquished Creatures
  The ghost of Amnesiac the Basher, a novice OgMo of Gozag (D:5)
  A sky beast (D:4)
  2 phantoms
  2 ogres
  An ice beast (D:5)
  A crimson imp (D:4)
  Jessica (D:3)
  Ijyb (D:3)
  2 iguanas (D:5)
  A hound skeleton (D:4)
  6 adders
  An ooze (D:3)
  A worm (D:2)
  4 dart slugs
  3 leopard geckos
  10 orcs
  4 giant cockroaches
  6 hobgoblins
  7 jackals
  A quokka (D:5)
  2 ball pythons
  A ball python skeleton (D:4)
  9 bats
  3 frilled lizards
  6 goblins
  11 kobolds
  5 rats
93 creatures vanquished.

Notes
Turn   | Place    | Note
-------+----------+-------------------------------------------
     0 | D:1      | st0uf the Gargoyle Earth Elementalist began the quest for the Orb.
     0 | D:1      | Reached XP level 1. HP: 10/10 MP: 3/3
   281 | D:1      | Reached XP level 2. HP: 15/15 MP: 1/5
   334 | D:1      | Found a shattered altar of Ashenzari.
   427 | D:1      | Reached skill level 4 in Earth Magic
   814 | D:1      | Reached XP level 3. HP: 19/19 MP: 2/7
  1642 | D:2      | Learned a level 3 spell: Stone Arrow
  1959 | D:2      | Found a faded altar of an unknown god.
  2116 | D:3      | Found a white marble altar of Elyvilon.
  2136 | D:3      | Reached XP level 4. HP: 24/24 MP: 5/8
  2726 | D:3      | Reached skill level 5 in Earth Magic
  2744 | D:3      | Noticed Ijyb
  2821 | D:3      | Killed Ijyb
  2821 | D:3      | Reached skill level 1 in Conjurations
  2821 | D:3      | Reached XP level 5. HP: 25/28 MP: 8/10
  2885 | D:3      | Noticed Jessica
  2889 | D:3      | Killed Jessica
  3411 | D:4      | Noticed a phantom
  3436 | D:4      | Killed a phantom
  3436 | D:4      | Reached XP level 6. HP: 27/32 MP: 3/12
  3623 | D:4      | Found Lius's Antique Weapon Emporium.
  3623 | D:4      | Found a stormy altar of Qazlal.
  3792 | D:4      | Found Xiupox's Assorted Antiques.
  3801 | D:4      | Bought a scroll labeled ZUKKOO OPHUTT for 24 gold pieces
  3801 | D:4      | Bought a scroll labeled LOC MIDGHELE for 24 gold pieces
  3801 | D:4      | Bought a scroll labeled ZUKKOO OPHUTT for 24 gold pieces
  3801 | D:4      | Bought a viscous inky potion for 21 gold pieces
  3845 | D:4      | Found Hacir's Magic Scroll Emporium.
  3851 | D:4      | Bought a scroll of magic mapping for 45 gold pieces
  3851 | D:4      | Bought a scroll of identify for 26 gold pieces
  3851 | D:4      | Bought a scroll of identify for 26 gold pieces
  3851 | D:4      | Bought a scroll of remove curse for 39 gold pieces
  3883 | D:4      | Found Tuiqo's Book Emporium.
  3908 | D:4      | Found Zubemmu's Magic Scroll Emporium.
  3928 | D:4      | Noticed a sky beast
  3969 | D:4      | Killed a sky beast
  4010 | D:4      | Reached skill level 5 in Spellcasting
  4010 | D:4      | Reached skill level 6 in Earth Magic
  4010 | D:4      | Reached XP level 7. HP: 34/36 MP: 5/14
  4265 | D:5      | Entered Level 5 of the Dungeon
  4281 | D:5      | Noticed Amnesiac's ghost (novice OgMo)
  4299 | D:5      | Killed Amnesiac's ghost
  4299 | D:5      | Reached skill level 7 in Earth Magic
  4299 | D:5      | Reached XP level 8. HP: 41/41 MP: 6/17
  4393 | D:5      | Learned a level 5 spell: Lee's Rapid Deconstruction
  4494 | D:5      | Reached skill level 1 in Fighting
  4680 | D:5      | Reached skill level 1 in Armour
  4863 | D:6      | Slain by a centaur

Vault maps used:
D:1:      dpeg_arrival_rhombi, roderic_serpentine_path,
          minmay_misc_feat_nine_boxes, ashenzari_altar_1
D:2:      minmay_wonky_spiral, ecumenical_altar_1, kennysheep_boxes
D:3:      elyvilon_altar_5, uniq_jessica, uniq_iyjb
D:4:      grunt_qazlal_clouds, first_bread, serial_shops,
          nicolae_shop_overgrown_old_shop, kennysheep_mini_moat, shop, shop,
          nicolae_shop_competitors_out_of_business
D:6:      slow_altar_1, minmay_overflow_temple_hex

Skill      XL: |  1  2  3  4  5  6  7  8 |
---------------+-------------------------+-----
Earth Magic    | 4 5 6 7 |  7.3
Spellcasting   | 3 4 5 6 |  6.7
Conjurations   | 1 2 3 4 |  4.7
Fighting       | 1 |  1.6
Armour         | 1 |  1.2
Dodging        | 2 |  2.0
Stealth        | |  2.1
Transmutations | |  0.7
Evocations     | |  0.1

Action                   |  1- 3 |  4- 6 |  7- 9 || total
-------------------------+-------+-------+-------++-------
Melee: Unarmed           |    55 |    26 |       ||    81
 Cast: Sandblast         |    82 |   102 |    30 ||   214
       Stone Arrow       |       |     2 |     4 ||     6
  Eat: Chunk             |     4 |     6 |     2 ||    12
Armor: Robe              |    40 |    49 |     5 ||    94
Dodge: Dodged            |    68 |    81 |     9 ||   158
